 Dungeon Crawl Stone Soup version 0.27-a0-223-ge082b6e869 (webtiles) character file.

Game seed: 16766172091661805219

58 KristoblXynda the Shield-Bearer (level 3, 0/31 HPs)
             Began as a Draconian Fighter on Feb 1, 2021.
             Was an Initiate of Cheibriados.
             Slain by a worm (3 damage)
             ... on level 2 of the Dungeon.
             The game lasted 00:01:51 (1304 turns).

KristoblXynda the Shield-Bearer (Draconian Fighter) Turns: 1304, Time: 00:01:51

Health: 0/31       AC:  6    Str: 19    XL:     3   Next: 75%
Magic:  3/3        EV: 10    Int: 10    God:    Cheibriados [......]
Gold:   64         SH:  9    Dex: 11    Spells: 2/2 levels left

rFire    . . .     SeeInvis .   a - +0 long sword
rCold    . . .     Faith    .   b - +0 kite shield
rNeg     . . .     Spirit   .   (armour unavailable)
rPois    .         Reflect  .   d - +1 hat
rElec    .         Harm     .   (no cloak)
rCorr    .         Rampage  .   (no gloves)
Will     .....                  (no boots)
Stlth    +.........             (no amulet)
HPRegen  0.10/turn              (no ring)
MPRegen  0.08/turn              (no ring)

@: brilliant, slowed, very slow
A: unfitting armour, cold-blooded, AC +5
a: Renounce Religion, Bend Time


You were on level 2 of the Dungeon.
You worshipped Cheibriados.
Cheibriados was noncommittal.
You visited 1 branch of the dungeon, and saw 2 of its levels.

You collected 64 gold pieces.

Inventory:

Hand Weapons
 a - a +0 long sword (weapon)
Armour
 b - a +0 kite shield (worn)
 d - a +1 hat (worn)
Scrolls
 e - a scroll of remove curse {unknown}
 f - 2 scrolls of identify {unknown}
 g - a scroll of blinking {unknown}
 i - a scroll of teleportation {unknown}
 l - a scroll of fog {unknown}
Potions
 c - a potion of might
 h - a potion of heal wounds {unknown}
 j - a potion of attraction {unknown}
 k - a potion of haste {unknown}


   Skills:
 - Level 3.2 Fighting
 * Level 3.2 Long Blades
 + Level 3.1 Dodging
 + Level 3.4 Shields


You had 2 spell levels left.
You didn't know any spells.
Your spell library was empty.

Dungeon Overview and Level Annotations

Branches:
Dungeon (2/15)

Altars:
Cheibriados

Annotations:
D:2 Natasha


Innate Abilities, Weirdness & Mutations

Your plain brown scales are hard. (AC +5)
You cannot fit into any form of body armour.
You are cold-blooded and may be slowed by cold attacks.


Message History

Unknown command.
You closely miss Natasha.
Natasha is severely wounded.
A kobold opens the door.
You block Natasha's attack.
The crimson imp hits you but does no damage.
A kobold comes into view. It is wielding a +0 spear.
Natasha casts a spell at you. The magic dart hits you.
* * * LOW HITPOINT WARNING * * *
The worm bites you.
* * * LOW HITPOINT WARNING * * *
The crimson imp hits you.
* * * LOW HITPOINT WARNING * * *
Unknown command.
It was a potion of brilliance.
You feel clever all of a sudden.
The kobold shouts!
Natasha barely misses you. You block the crimson imp's attack.
The worm bites you.
You die...

.........#
##.................
.........#
#.................
##########
#...........#.....
#
#...........#.....
#
#..#######+#######
# #### #..# # .....
#..# #
......#..###### #
.......@w...... #
......5h>...... #
...............
...............
...............
.......K.......
......#'#######
......#.#


You could see a worm, Natasha, a crimson imp (summoned) and a kobold.

Vanquished Creatures
  An adder (D:2)
  An ooze (D:2)
  3 dart slugs
  2 leopard geckos
  3 giant cockroaches (D:1)
  6 goblins (D:1)
  A hobgoblin (D:1)
  6 kobolds (D:1)
  A quokka (D:2)
  4 bats
  3 frilled lizards
  7 rats
38 creatures vanquished.

Notes
Turn   | Place    | Note
-------+----------+-------------------------------------------
     0 | D:1      | KristoblXynda the Draconian Fighter began the quest for the
                  | Orb.
     0 | D:1      | Reached XP level 1. HP: 19/19 MP: 1/1
    69 | D:1      | Reached XP level 2. HP: 25/26 MP: 2/2
   506 | D:1      | Reached XP level 3. HP: 31/31 MP: 3/3
   799 | D:2      | Found a snail-covered altar of Cheibriados.
   942 | D:2      | Became a worshipper of Cheibriados the Contemplative
  1294 | D:2      | Noticed Natasha
  1304 | D:2      | Slain by a worm

Illustrated notes

Levels and vault maps discovered:
D:1:      dpeg_arrival_prison, layout_basic, st_stairs_11, minmay_box_of_dots
D:2:      layout_basic, kennysheep_slug_shrine, nicolae_ru_the_path_less_chosen,
          uniq_natasha

Skill      XL: |  1  2  3 |
---------------+----------+-----
Dodging        | 3 |  3.1
Long Blades    | 3 |  3.2
Fighting       | |  3.2
Shields        | |  3.4

Action                   || total
-------------------------++-------
Melee: Long sword        ||    97
       Tailslap          ||    10
  Use: Potion            ||     1
Armor: Skin              ||    25
Dodge: Dodged            ||    44
Block: Kite shield       ||    58
       Rpst.: Long sword ||    18

Table legend: (Time is in decaauts)
 A = Elapsed time spent in this place.
 B = Non-inter-level travel time spent in this place.
 C = Inter-level travel time spent in this place.
 D = Time resting spent in this place.
 E = Time spent auto-exploring this place.
 F = Levels seen in this place.
 G = Mean time per level.
                   A        B        C        D        E       F      G
               +--------+--------+--------+--------+--------+-----+--------+
         Total |   1452 |   1452 |      0 |    118 |    942 |   2 |  726.0 |
       Dungeon |   1452 |   1452 |      0 |    118 |    942 |   2 |  726.0 |
               +--------+--------+--------+--------+--------+-----+--------+

Top non-repeatable levels by time:
     D:1: 821 daAuts
     D:2: 631 daAuts
